 Dungeon Crawl Stone Soup version 0.27.0-1-g7a089689b8 (webtiles) character file.

Game seed: 8896439758406574052

1275 Froggeryz the Basher (level 8, -2/44 HPs)
             Began as a Gargoyle Gladiator on July 31, 2021.
             Slain by an orc warrior (11 damage)
             ... on level 4 of the Dungeon.
             The game lasted 00:04:38 (5861 turns).

Froggeryz the Basher (Gargoyle Gladiator)           Turns: 5861, Time: 00:04:39

Health: -2/44      AC: 19    Str: 20    XL:     8   Next: 53%
Magic:  8/8        EV: 10    Int:  9    God:
Gold:   269        SH:  0    Dex: 11    Spells: 7/7 levels left

rFire    . . .     SeeInvis .   A - +1 flail (holy)
rCold    . . .     Faith    .   (no shield)
rNeg     + . .     Spirit   .   t - +0 scale mail
rPois    ∞         Reflect  .   c - +0 helmet
rElec    +         Harm     .   C - scarf {shadows}
rCorr    .         Rampage  .   q - +0 pair of gloves
Will     .....                  w - +0 pair of boots
Stlth    ..........             (no amulet)
HPRegen  0.14/turn              g - +4 ring of protection
MPRegen  0.11/turn              (no ring)

@: no status effects
A: sickness immunity, AC +5, negative energy resistance 1, electricity
resistance, torment resistance 1, petrification resistance
a: no special abilities


You were on level 4 of the Dungeon.
You visited 1 branch of the dungeon, and saw 5 of its levels.

You collected 269 gold pieces.

Inventory:

Hand Weapons
 A - a +1 flail of holy wrath (weapon)
Missiles
 u - 6 boomerangs (quivered)
 x - 25 poisoned darts
Armour
 c - a +0 helmet (worn)
 q - a +0 pair of gloves (worn)
 t - a +0 scale mail (worn)
 w - a +0 pair of boots (worn)
 C - a scarf of shadows (worn)
Jewellery
 g - a +4 ring of protection (left hand)
 B - a ring of ice
 F - a ring of magical power
Wands
 j - a wand of flame (23)
Scrolls
 a - a scroll of vulnerability {unknown}
 e - 3 scrolls of teleportation
 f - a scroll of summoning
 i - a scroll of identify
 k - a scroll of silence {unknown}
 o - 2 scrolls of blinking
 s - a scroll of magic mapping {unknown}
 y - a scroll of noise {unknown}
 E - a scroll of holy word {unknown}
Potions
 b - a potion of haste
 h - a potion of cancellation
 l - a potion of might {unknown}
 m - a potion of attraction {unknown}
 n - 3 potions of curing {unknown}
 p - a potion of lignification {unknown}
 r - 2 potions of magic
 v - 3 potions of degeneration {unknown}
 z - a potion of mutation {unknown}
 D - a potion of heal wounds {unknown}


   Skills:
 - Level 2.1 Fighting
 * Level 10.0 Maces & Flails
 - Level 1.7 Throwing
 - Level 3.1 Armour
 - Level 2.4 Dodging


You had 7 spell levels left.
You didn't know any spells.
Your spell library contained the following spells:

 Spells                   Type           Power      Damage    Failure   Level
 Corpse Rot               Necr/Air       N/A        N/A       86%         2
 Poisonous Vapours        Pois/Air       0%         N/A       86%         2
 Gell's Gravitas          Tloc           0%         N/A       98%         3
 Stone Arrow              Conj/Erth      0%         3d7       98%         3
 Teleport Other           Tloc           0%         N/A       98%         3
 Hailstorm                Conj/Ice       0%         3d3       100%        4
 Ice Form                 Ice/Tmut       0%         N/A       100%        4
 Bolt of Magma            Conj/Fire/Erth 0%         4d4       100%        5
 Freezing Cloud           Conj/Ice/Air   0%         6-21      100%        5
 Dispersal                Tloc           0%         N/A       100%        6
 Simulacrum               Ice/Necr       0%         N/A       100%        6
 Shatter                  Erth           0%         3d5*      100%        9


Dungeon Overview and Level Annotations

Branches:
Dungeon (5/15)
 Temple: D:4-7

Altars:
Ru
Wu Jian
Yredelemnul


Innate Abilities, Weirdness & Mutations

You are immune to sickness and miasma.
Your stone body is resilient. (AC +5)
You are immune to poison.
You resist negative energy. (rN+)
You are resistant to electric shocks. (rElec)
You are resistant to unholy torment.
You are immune to petrification.


Message History

HP restored.
You climb downwards.
There is a stone staircase leading up here.
The orc warrior completely misses you.
There is a stone staircase leading up here.
The orc wizard gestures wildly while chanting.
The orc wizard flickers and vanishes!
Deactivating autopickup; reactivate with Ctrl-A.
The orc warrior closely misses you.
The orc warrior hits you with a +0 glaive!
There is a stone staircase leading up here.
The orc warrior closely misses you.
You climb upwards.
Reactivating autopickup.
There is a stone staircase leading down here.
You barely miss the orc warrior. You hit the orc warrior.
The orc warrior is lightly wounded.
The orc warrior hits you with a +0 glaive!
You barely miss the orc warrior.
The orc warrior is lightly wounded.
The orc warrior hits you with a +0 glaive!
You hit the orc warrior but do no damage.
The orc warrior is lightly wounded.
The orc warrior barely misses you.
You hit the orc warrior.
The orc warrior is moderately wounded.
The orc warrior hits you with a +0 glaive!
* * * LOW HITPOINT WARNING * * *
Throw: throwing net
Press: ? - help, Q - select action, (/) - cycle Shift-Dir - straight line, f - orc warrior
Aim: an orc warrior, wielding a +0 glaive and wearing a +0 chain mail (moderately wounded, 52% to hit)
You throw a throwing net.
The throwing net barely misses the orc warrior.
The orc warrior hits you but does no damage.
Okay, then.
Okay, then.
It was a potion of magic.
Magic courses through your body.
The orc warrior hits you with a +0 glaive!
You die...

#.# #.# #(# ##### ##### #># #...#
#...###### #.# ###...###
##........######.########.......#
.......##.......................#
.......##.#####.o.#######.†.....#
.......##.# #..@..# ###...###
##........# ##...## #...#
#...###### ##.## ##.##
##.######### #.# #####.####
#.##......# #.# ##........#
#.##.####.# ##+## #......##.#
#.##.# #.###...## #..###.##.#
#.##.## #.##.....## #.[###.##.#
#.....# #.#.......###..#...##.#


You could see an orc warrior.

Vanquished Creatures
  Edmund (D:4)
  An orc warrior (D:5)
  A sky beast (D:4)
  An ice beast (D:5)
  An ogre (D:4)
  2 scorpions
  2 hounds (D:4)
  A jelly (D:5)
  3 orc priests
  A centaur skeleton (D:3)
  A gnoll shaman (D:5)
  3 iguanas (D:4)
  2 orc wizards
  A killer bee zombie (D:4)
  A hound skeleton (D:4)
  5 adders
  10 gnolls
  2 ufetubi (D:4)
  4 dart slugs
  16 orcs
  6 ball pythons
  8 bats
  3 endoplasms
  4 giant cockroaches
  3 goblins
  10 hobgoblins
  3 jackals (D:3)
  3 quokkas
  2 frilled lizards
  5 kobolds
  3 rats (D:1)
109 creatures vanquished.

Vanquished Creatures (others)
  A scorpion zombie (D:5)
1 creature vanquished.

Grand Total: 110 creatures vanquished

Notes
Turn   | Place    | Note
-------+----------+-------------------------------------------
     0 | D:1      | Froggeryz the Gargoyle Gladiator began the quest for the
                  | Orb.
     0 | D:1      | Reached XP level 1. HP: 12/12 MP: 1/1
   180 | D:1      | Found a faded altar of an unknown god.
   263 | D:1      | Reached XP level 2. HP: 16/17 MP: 2/2
   653 | D:1      | Reached skill level 4 in Maces & Flails
   936 | D:1      | Reached XP level 3. HP: 21/21 MP: 3/3
  1694 | D:2      | Reached skill level 1 in Armour
  1824 | D:2      | Reached XP level 4. HP: 22/26 MP: 4/4
  2200 | D:3      | Found a sacrificial altar of Ru.
  2200 | D:3      | Found an ornate altar of the Wu Jian Council.
  2547 | D:3      | Reached skill level 5 in Maces & Flails
  2854 | D:3      | Reached XP level 5. HP: 27/30 MP: 5/5
  3203 | D:4      | Noticed a sky beast
  3224 | D:4      | Killed a sky beast
  3225 | D:4      | Reached XP level 6. HP: 20/35 MP: 6/6
  3229 | D:4      | Reached skill level 6 in Maces & Flails
  3914 | D:4      | Reached skill level 7 in Maces & Flails
  3914 | D:4      | Reached XP level 7. HP: 35/40 MP: 7/7
  4276 | D:4      | Noticed Edmund
  4301 | D:4      | Killed Edmund
  4453 | D:4      | Reached skill level 8 in Maces & Flails
  4825 | D:5      | Entered Level 5 of the Dungeon
  4885 | D:5      | Noticed a steam dragon
  5074 | D:5      | Reached XP level 8. HP: 39/44 MP: 8/8
  5315 | D:5      | Reached skill level 9 in Maces & Flails
  5428 | D:5      | Found a basalt altar of Yredelemnul.
  5736 | D:5      | Reached skill level 10 in Maces & Flails
  5861 | D:4      | Slain by an orc warrior

Illustrated notes

Levels and vault maps discovered:
D:1:      lemuel_arrival_tunnels, layout_loops_corners,
          hellmonk_ecumenical_altar_lost_god, minmay_misc_feat_nine_boxes,
          minmay_box_of_dots
D:2:      layout_basic, minivault_25
D:3:      layout_basic, mainiacjoe_overflow_large_starburst
D:4:      layout_loops_corners, uniq_edmund
D:5:      kennysheep_big_flooded_room, layout_loops_ring,
          mainiacjoe_overflow_boulevard, jmf_multi_god_temple

Skill      XL: |  1  2  3  4  5  6  7  8 |
---------------+-------------------------+-----
Maces & Flails | 4 5 7 8 10 | 10.0
Armour         | 1 2 3 |  3.1
Fighting       | |  2.1
Throwing       | |  1.7
Dodging        | |  2.4

Action                   |  1- 3 |  4- 6 |  7- 9 || total
-------------------------+-------+-------+-------++-------
Melee: Flail             |   100 |   154 |   197 ||   451
Throw: Throwing net      |       |       |     4 ||     4
  Use: Scroll            |       |     4 |       ||     4
       Potion            |       |       |     2 ||     2
 Stab: Held in net/web   |       |       |     4 ||     4
Armor: Leather armour    |    49 |    32 |       ||    81
       Scale mail        |       |    58 |   113 ||   171
Dodge: Dodged            |    77 |    80 |    92 ||   249
